 Dungeon Crawl Stone Soup version 0.19-a0-593-gf2cdb02 (webtiles) character file.

357598 Laan the Severer (level 22, -5/134 HPs)
             Began as a Gargoyle Fighter on June 9, 2016.
             Was the Champion of Hepliaklqana.
             Killed from afar by a frost giant (37 damage)
             ... with a bolt of cold
             ... on level 5 of the Vaults on June 10, 2016.
             The game lasted 02:09:48 (34578 turns).

Laan the Severer (Gargoyle Fighter)                Turns: 34578, Time: 02:09:48

Health: -5/134     AC: 56    Str: 36    XL:     22   Next: 37%
Magic:  22/22      EV: 11    Int: 11    God:    Hepliaklqana [******]
Gold:   3382       SH: 21    Dex:  9    Spells: 0 memorised, 21 levels left

rFire  . . .     SeeInvis .     b - +4 war axe (flame)
rCold  . . .     Gourm    .     Q - +8 chain mail of the Immovable Demons {Str+4}
rNeg   + + .     Faith    .     e - +2 shield {rN+}
rPois  ∞         Spirit   .     D - +2 helmet "Elipiy" {Str+4}
rElec  +         Dismiss  .     W - +2 cloak {rPois}
rCorr  .         Reflect  .     j - +2 pair of gloves
SustAt .         Harm     .     s - +1 pair of boots {Fly}
MR     ++...                    F - amulet of regeneration
Stlth  ..........               h - +2 ring of evasion
                                N - ring of protection from magic

@: marked, flying, very resistant to hostile enchantments, extremely unstealthy
A: big wings, large bone plates 1, frail 1, negative energy resistance 1,
electricity resistance, unbreathing, petrification resistance, rot immunity, AC
+16
a: Stop Flying, Recall Ancestor, Ancestor Identity, Transference, Idealise,
Renounce Religion
}: 2/15 runes: serpentine, barnacled


You were on level 5 of the Vaults.
You worshipped Hepliaklqana.
Hepliaklqana was exalted by your worship.
You were not hungry.

You visited 6 branches of the dungeon, and saw 38 of its levels.
You also visited: Sewer and Bailey.

You collected 4296 gold pieces.
You spent 914 gold pieces at shops.

Inventory:

Hand Weapons
 a - a +2 war axe of electrocution
 b - a +4 war axe of flaming (weapon)
 c - a +1 vampiric demon whip
 G - a +2 broad axe
Missiles
 r - 37 javelins (quivered)
 J - 19 javelins of penetration
 M - 16 silver javelins
Armour
 e - a +2 shield of positive energy (worn)
 j - a +2 pair of gloves (worn)
 s - a +1 pair of boots of flying (worn)
 D - the +2 helmet "Elipiy" (worn) {Str+4}
   (You found it on level 14 of the Dungeon)

   It affects your strength (+4).
 Q - the +8 chain mail of the Immovable Demons (worn) {Str+4}
   (You found it on level 4 of the Snake Pit)

   It affects your strength (+4).
 W - a +2 cloak of poison resistance (worn)
Jewellery
 h - a +2 ring of evasion (right hand)
 A - an uncursed ring of protection from cold
 C - an uncursed ring of protection from fire
 F - an amulet of regeneration (around neck)
 H - the ring "Bekk" {SustAt SInv}
   (You found it on level 2 of the Snake Pit)

   [ring of sustain attributes]

   It sustains your strength, intelligence and dexterity.
   It lets you see invisible.
 N - a ring of protection from magic (left hand)
Wands
 i - a wand of lightning (6/15)
 m - a wand of iceblast (4/15)
 v - a wand of hasting (6/9)
 y - a wand of acid (9/15)
 O - a wand of teleportation (5/9)
Scrolls
 g - 17 scrolls of identify
 k - 6 scrolls of teleportation
 n - 7 scrolls of enchant armour
 o - 2 scrolls of amnesia
 I - 4 scrolls of blinking
 L - 19 scrolls of remove curse
 R - 2 scrolls of magic mapping
 U - a scroll of recharging
 X - a scroll of fear
Potions
 d - 3 potions of might
 l - 7 potions of agility
 p - 4 potions of invisibility
 q - 2 potions of resistance
 t - 24 potions of curing
 w - 3 potions of heal wounds
 z - 3 potions of berserk rage
 P - a potion of cancellation
 T - a potion of cure mutation
Books
 x - a book of Debilitation

   Spells                             Type                      Level
   a - Corona                         Hexes                        1
   b - Slow                           Hexes                        2
   c - Gell's Gravitas                Hexes/Translocation          3
   d - Inner Flame                    Hexes/Fire                   3
   e - Cause Fear                     Hexes                        4
   f - Leda's Liquefaction            Hexes/Earth                  4
 E - a Grand Grimoire

   Spells                             Type                      Level
   a - Monstrous Menagerie            Summoning                    7
   b - Summon Greater Demon           Summoning                    7
   c - Malign Gateway                 Summoning/Translocation      7
   d - Summon Horrible Things         Summoning                    8
 K - a book of Air

   Spells                             Type                      Level
   a - Shock                          Conjuration/Air              1
   b - Swiftness                      Charms/Air                   2
   c - Repel Missiles                 Charms/Air                   2
   d - Static Discharge               Conjuration/Air              3
   e - Lightning Bolt                 Conjuration/Air              5
Comestibles
 f - 22 bread rations
 u - 3 royal jellies
 B - 27 meat rations


   Skills:
 + Level 19.0 Fighting
 + Level 20.4 Axes
 + Level 19.1 Armour
 + Level 19.2 Shields


You had 21 spell levels left.
You didn't know any spells.

Dungeon Overview and Level Annotations

Branches:
Dungeon (15/15)            Temple (0/1) D:7            Lair (8/8) D:10
 Shoals (4/4) Lair:6        Snake (4/4) Lair:3        Slime (0/6) Lair:7
    Orc (2/2) D:10            Elf (0/3) Orc:2        Vaults (5/5) D:14
  Crypt (0/3) Vaults:2     Depths (0/5) D:15

Altars:
Ashenzari
Cheibriados
Elyvilon
Fedhas
Gozag
Hepliaklqana
Kikubaaqudgha
Nemelex Xobeh
Pakellas
Qazlal
Ru
Sif Muna
Trog
Vehumet
Xom
Zin

Shops:
D:5 [(   D:10 *   Orc:1 *   Orc:2 (**!   Vaults:2 :   Vaults:3 !

Annotations:
D:9 exclusion: door


Innate Abilities, Weirdness & Mutations

You are resistant to torment.
Your stone body is resilient. (AC +16)
You are immune to poison.
Your large and strong wings let you fly indefinitely.
You resist negative energy. (rN+)
You are resistant to electric shocks. (rElec)
You can survive without breathing.
You are immune to petrification.
You are immune to rotting.
You are partially covered in large bone plates. (AC +2, SH +2)
You are frail. (-10% HP)


Message History

The vault sentinel hits you but does no damage.
The frost giant gestures at you while chanting.
The bolt of cold hits you!
You hit the frost giant. You burn the frost giant.
The frost giant is heavily wounded.
You miss the vault sentinel.
The vault sentinel is almost dead.
The hell knight gestures at you while chanting.
The bolt of fire hits the vault sentinel.
The vault sentinel resists.
The vault sentinel dies!
The bolt of fire hits you!
* * * LOW HITPOINT WARNING * * *
The frost giant casts a spell at you. The bolt of cold hits you!
* * * LOW HITPOINT WARNING * * *
A fire giant comes into view.
It is wielding a great sword of flaming.
The frost giant points at you and mumbles some strange words.
The bolt of cold hits you!
You die...

#..# #..#
#..# #..#
#..# ..
#..# ....#
#..# .....
#.@##..p.
#..#.....
#.Cp.C#
#....#####
#...C...C.
#†........
##########


You could see a titan, a frost giant and a vault warden.

Vanquished Creatures
  Nikola (Vaults:3)
  Jorgrun (Vaults:1)
  A titan (Vaults:5)
  2 krakens (Shoals:3)
  2 storm dragons (Vaults:5)
  10 greater nagas (Snake:4)
  Ilsuiw (Shoals:4)
  A tengu reaver (Vaults:5)
  8 vault wardens
  Aizul (Snake:1)
  8 ironheart preservers
  7 very ugly things (Vaults:3)
  5 stone giants
  A war gargoyle (Vaults:5)
  The ghost of jedvagenij the Spear-Bearer, a journeyman CeFi of Hepliaklqana (Lair:8)
  The ghost of SataraUzumaki the Peltast, a journeyman DDFi of Nemelex Xobeh (Lair:8)
  7 merfolk impalers
  9 merfolk javelineers
  2 deep elf death magi (Vaults:5)
  3 ettins
  4 yaktaur captains
  A fire dragon (Vaults:3)
  13 ogre magi
  8 naga warriors
  22 vault guards
  7 hydras
  3 merfolk avatars
  An alligator snapping turtle (Shoals:4)
  3 satyrs
  3 catoblepae
  6 centaur warriors
  A death knight (Vaults:4)
  6 merfolk aquamancers
  4 deep troll shamans
  An orc high priest (Orc:1)
  4 shock serpents
  13 anacondas
  9 death yaks
  A vampire mage (Vaults:2)
  10 naga sharpshooters
  2 deep elf knights (Vaults:3)
  A fire crab (Vaults:4)
  11 sea snakes
  2 salamander mystics (Snake:4)
  2 skeletal warriors (D:13)
  2 flayed ghosts
  3 naga ritualists
  A giant orange brain (Vaults:3)
  8 deep trolls
  A death drake (shapeshifter) (Vaults:1)
  Pikel (D:7)
  A wolf spider zombie (D:15)
  A lindwurm (Lair:7)
  4 hill giants
  4 wizards
  5 mana vipers
  11 ironbrand convokers
  A deep elf archer (Vaults:3)
  A phantasmal warrior (Vaults:4)
  A necromancer (Vaults:3)
  17 harpies
  15 orc knights
  9 ugly things
  7 manticores
  A tengu skeleton (Vaults:3)
  11 fauns
  6 griffons
  A mana viper (shapeshifter) (Vaults:3)
  7 hornets
  2 orc sorcerers
  A deep elf mage (Vaults:3)
  3 wolf spiders
  A fire giant skeleton (Vaults:3)
  7 salamanders
  8 cyclopes
  4 vault sentinels
  7 sirens
  9 naga magi
  11 elephants
  4 guardian serpents (Snake:4)
  A torpor snail (shapeshifter) (Vaults:5)
  An orc skeleton (Vaults:3)
  15 spiny frogs
  3 gargoyles
  22 black mambas
  6 water nymphs
  A komodo dragon (shapeshifter) (Vaults:2)
  23 yaktaurs
  2 efreet
  2 freezing wraiths (Vaults:1)
  5 rime drakes
  3 kobold demonologists (D:14)
  A tengu conjurer (D:14)
  20 merfolk
  A polar bear (Lair:7)
  7 trolls
  Prince Ribbit (D:6)
  3 giant leeches (Lair:8)
  4 wind drakes
  A harpy skeleton (D:15)
  23 two-headed ogres
  3 blink frogs (Lair:8)
  2 boulder beetles
  6 snapping turtles
  11 slime creatures
  3 human simulacra
  2 redbacks (Vaults:2)
  2 vampires
  2 centaur simulacra (D:15)
  A spriggan (Lair:6)
  16 water elementals
  3 wraiths
  Sigmund (D:2)
  5 wyverns
  A shadow (D:15)
  6 basilisks
  A hungry ghost (D:14)
  25 yaks
  A human (shapeshifter) (Vaults:1)
  15 vampire mosquitoes
  12 hippogriffs
  A mottled dragon (Vaults:2)
  3 wargs
  46 nagas
  A soldier ant (D:13)
  20 water moccasins
  A swamp worm (shapeshifter) (Vaults:5)
  11 porcupines
  4 ice beasts
  A slave (D:7)
  33 orc warriors
  An eye of draining (D:14)
  5 sky beasts
  A black bear (D:10)
  2 wasps
  55 ogres
  2 phantoms
  9 wolves (Lair:2)
  A black bear (shapeshifter) (Vaults:1)
  9 crocodiles
  11 centaurs
  9 electric eels
  4 big kobolds
  7 earth elementals (D:15)
  22 giant frogs
  A wyvern zombie (D:12)
  2 gnoll sergeants (D:10)
  3 scorpions
  A water moccasin skeleton (D:7)
  7 wights
  2 killer bees (D:10)
  3 crimson imps
  2 giant frog zombies (D:12)
  A howler monkey (D:11)
  5 jellies
  3 centaur zombies
  2 hounds
  11 orc priests
  3 centaur skeletons
  2 giant frog skeletons
  5 iguanas
  Natasha (D:4)
  7 hell rats
  17 orc wizards
  9 worker ants
  14 sheep
  6 worker ant zombies
  6 gnolls
  11 adders
  37 river rats
  A shadow imp (D:11)
  An ooze (D:3)
  2 worms
  A dart slug (D:2)
  5 giant geckos
  63 orcs
  4 ball pythons
  8 bats
  4 giant cockroaches
  8 hobgoblins
  14 jackals
  4 quokkas
  A giant gecko skeleton (D:4)
  8 giant newts
  8 goblins
  17 kobolds
  10 rats
  7 fungi
  12 plants
  4 tentacles (Shoals:3)
1251 creatures vanquished.

Vanquished Creatures (collateral kills)
  Asterion (Vaults:1)
  An ancient champion (Vaults:2)
  A kraken (Shoals:3)
  A ghoul (Vaults:2)
  4 ironheart preservers
  3 stone giants
  The ghost of Zrachosh the Unseen, a journeyman SpAs of Uskayaw (Lair:7)
  A merfolk javelineer (Shoals:3)
  A dire elephant (Lair:6)
  Snorg (D:13)
  A merfolk impaler (Shoals:3)
  4 ogre magi
  2 yaktaur captains
  A hydra (Lair:7)
  9 vault guards
  4 naga warriors
  A merfolk avatar (Shoals:2)
  Erica (D:11)
  3 anacondas
  3 merfolk aquamancers
  3 death yaks (Lair:8)
  A death knight (Vaults:2)
  An orc high priest (Orc:2)
  2 shock serpents (Snake:3)
  3 naga sharpshooters
  Sonja (D:11)
  7 sea snakes
  3 skeletal warriors (D:13)
  A fire crab (Vaults:2)
  2 salamander mystics (Snake:2)
  4 unseen horrors
  A deep troll (Vaults:1)
  A deep elf archer (Vaults:3)
  A giant orange brain (Vaults:4)
  An ironbrand convoker (Vaults:4)
  A hill giant (Vaults:1)
  2 naga ritualists
  5 harpies
  An orc sorcerer (Orc:2)
  3 griffons
  5 orc knights
  An ugly thing (D:11)
  3 fauns
  5 salamanders
  2 cyclopes
  6 manticores
  6 sirens
  A wolf spider (Vaults:1)
  Maurice (D:8)
  3 vault sentinels
  5 black mambas
  7 elephants
  2 water nymphs (Shoals:2)
  A guardian serpent (Snake:3)
  A torpor snail (Lair:7)
  Psyche (D:8)
  10 spiny frogs
  A centaur skeleton (D:15)
  A freezing wraith (Vaults:3)
  4 yaktaurs
  4 komodo dragons
  17 merfolk
  A polar bear (Lair:5)
  4 trolls
  6 two-headed ogres
  2 wind drakes
  3 blink frogs (Lair:8)
  3 slime creatures
  A snapping turtle (Shoals:3)
  A redback (Vaults:2)
  A wraith (Vaults:1)
  6 water elementals
  A vampire (D:13)
  2 humans (D:14)
  16 yaks
  5 hippogriffs
  A hungry ghost (D:13)
  5 vampire mosquitoes
  3 nagas
  4 wargs
  10 water moccasins
  A porcupine (Lair:5)
  13 orc warriors
  3 black bears
  A sky beast (D:11)
  A slave (D:7)
  An ice beast (D:12)
  A phantom (D:4)
  A wolf (Lair:2)
  25 ogres
  5 centaurs
  7 crocodiles
  3 giant frogs
  The ghost of Musica the Sneak, an amateur VSEn (D:4)
  2 scorpions
  2 killer bees (D:10)
  4 electric eels
  A howler monkey (D:5)
  3 crimson imps
  A jelly (D:11)
  8 orc priests
  2 hounds
  2 quasits
  7 orc wizards
  2 giant frog skeletons
  3 iguanas
  A hell rat (Lair:7)
  4 worker ants
  4 sheep
  2 gnolls (D:10)
  7 adders
  11 river rats
  A worm (D:2)
  A giant gecko (D:11)
  25 orcs
  2 giant cockroaches
  3 goblins
  2 hobgoblins (D:2)
  2 jackals
  15 kobolds
  A bat (D:2)
  A giant newt (D:5)
  A rat (D:3)
  3 plants
436 creatures vanquished.

Vanquished Creatures (others)
  An ogre mage (Vaults:1)
  A deep elf archer (Vaults:4)
  A vault sentinel (Vaults:5)
  A yaktaur (Vaults:2)
  A two-headed ogre (Vaults:1)
  A boulder beetle (Vaults:3)
  A centaur (D:15)
  A giant frog zombie (D:7)
  23 battlemagi
  2 hell rats (Lair:3)
  An orc (D:7)
  12 fungi
  16 plants
  9 tentacles (Shoals:3)
  33 tentacle segments (Shoals:3)
104 creatures vanquished.

Grand Total: 1791 creatures vanquished

Notes
Turn   | Place    | Note
--------------------------------------------------------------
     0 | D:1      | Laan the Gargoyle Fighter began the quest for the Orb.
     0 | D:1      | Reached XP level 1. HP: 14/14 MP: 1/1
    70 | D:1      | Reached skill level 2 in Axes
    97 | D:1      | Reached XP level 2. HP: 19/19 MP: 2/2
   870 | D:1      | Reached skill level 3 in Axes
   972 | D:2      | Reached XP level 3. HP: 23/23 MP: 3/3
  1035 | D:2      | Noticed Sigmund
  1046 | D:2      | Killed Sigmund
  1046 | D:2      | Reached skill level 5 in Axes
  1046 | D:2      | Reached XP level 4. HP: 12/28 MP: 4/4
  1046 | D:2      | Reached XP level 5. HP: 14/32 MP: 5/5
  1234 | D:2      | Found a hazy altar of Hepliaklqana.
  1243 | D:2      | Became a worshipper of Hepliaklqana
  1337 | D:2      | Found a stormy altar of Qazlal.
  1565 | D:2      | Found a sacrificial altar of Ru.
  1574 | D:2      | Reached XP level 6. HP: 36/37 MP: 6/6
  1735 | D:2      | Found an opulent altar of Gozag.
  1988 | D:3      | Reached * piety under Hepliaklqana
  2049 | D:3      | Found a glowing drain.
  2068 | Sewer    | Entered a sewer
  2138 | Sewer    | Reached skill level 6 in Axes
  2161 | Sewer    | Found a white marble altar of Elyvilon.
  2425 | D:4      | Noticed Musica's ghost (amateur VSEn)
  2436 | D:4      | Killed Musica's ghost
  2436 | D:4      | Reached XP level 7. HP: 33/41 MP: 7/7
  2448 | D:4      | Found a shattered altar of Ashenzari.
  2497 | D:4      | Found a bloodstained altar of Trog.
  2563 | D:4      | Reached skill level 7 in Axes
  2972 | D:4      | Found a snail-covered altar of Cheibriados.
  3041 | D:4      | Reached ** piety under Hepliaklqana
  3042 | D:4      | Remembered your ancestor Citlalmina as a battlemage
  3076 | D:4      | Noticed Natasha
  3085 | D:4      | Killed Natasha
  3234 | D:4      | Reached skill level 8 in Axes
  3419 | D:5      | Entered Level 5 of the Dungeon
  3419 | D:5      | Found Poingur's Antique Weapon Shop.
  3430 | D:5      | Bought a runed war axe for 84 gold pieces
  3464 | D:5      | Reached XP level 8. HP: 46/46 MP: 8/8
  3577 | D:5      | Found Laeg's Antique Armour Boutique.
  3697 | D:5      | Found a radiant altar of Vehumet.
  3821 | D:5      | Reached skill level 9 in Axes
  4293 | D:6      | Found a blossoming altar of Fedhas.
  4322 | D:6      | Reached skill level 10 in Axes
  4586 | D:6      | Reached *** piety under Hepliaklqana
  4586 | D:6      | Found an ancient bone altar of Kikubaaqudgha.
  4597 | D:6      | Reached XP level 9. HP: 38/51 MP: 9/9
  4653 | D:6      | Noticed Prince Ribbit
  4664 | D:6      | Killed Prince Ribbit
  4837 | D:6      | Reached skill level 11 in Axes
  4932 | D:6      | Found a glowing silver altar of Zin.
  5306 | D:7      | Found a staircase to the Ecumenical Temple.
  5400 | D:7      | Noticed Pikel
  5411 | D:7      | Killed Pikel
  5411 | D:7      | Reached skill level 12 in Axes
  5470 | D:7      | Reached XP level 10. HP: 36/56 MP: 10/10
  5818 | D:7      | Found a shimmering altar of Xom.
  5818 | D:7      | Found a white marble altar of Elyvilon.
  5819 | D:7      | Found an oddly glowing altar of Pakellas.
  6053 | D:8      | Noticed a cyclops
  6061 | D:8      | Killed a cyclops
  6061 | D:8      | Reached skill level 13 in Axes
  6137 | D:5      | Bought a faintly glowing chain mail for 228 gold pieces
  6137 | D:5      | Identified the +2 chain mail of Proximity {rCorr Str+4} (You bought it in a shop on level 5 of the Dungeon)
  6226 | D:8      | Found a sacrificial altar of Ru.
  6335 | D:8      | Noticed Maurice
  6343 | D:8      | Killed Maurice
  6387 | D:8      | Reached **** piety under Hepliaklqana
  6478 | D:8      | Noticed Psyche
  6484 | D:8      | Killed Psyche
  6904 | D:9      | Reached skill level 14 in Axes
  7039 | D:9      | Found a sparkling altar of Nemelex Xobeh.
  7075 | D:9      | Found a deep blue altar of Sif Muna.
  7103 | D:9      | Found a radiant altar of Vehumet.
  7498 | D:10     | Entered Level 10 of the Dungeon
  7532 | D:10     | Found a staircase to the Orcish Mines.
  7540 | D:10     | Reached XP level 11. HP: 58/61 MP: 11/11
  8029 | D:10     | Reached skill level 5 in Fighting
  8029 | D:10     | Reached skill level 5 in Shields
  8045 | D:10     | Found Amadiokk's Assorted Antiques.
  8151 | D:10     | Found a flagged portal.
  8164 | Bailey   | Entered a bailey
  8363 | Bailey   | Reached skill level 5 in Armour
  8440 | Bailey   | Found a bloodstained altar of Trog.
  8736 | D:10     | Found a staircase to the Lair.
  8805 | Lair:1   | Entered Level 1 of the Lair of Beasts
  8832 | Lair:1   | Reached ***** piety under Hepliaklqana
  9702 | Lair:2   | Reached XP level 12. HP: 45/71 MP: 12/12
 10697 | Lair:3   | Found a staircase to the Snake Pit.
 11300 | Lair:3   | Reached ****** piety under Hepliaklqana
 11761 | Lair:4   | Reached skill level 15 in Axes
 13019 | Lair:5   | Noticed a four-headed hydra
 13028 | Lair:5   | Killed a one-headed hydra
 13028 | Lair:5   | Reached XP level 13. HP: 54/80 MP: 13/13
 13234 | Lair:6   | Found a staircase to the Shoals.
 13449 | Lair:6   | Noticed a dire elephant
 13465 | Lair:6   | Killed a dire elephant
 14007 | Lair:7   | Noticed Zrachosh's ghost (journeyman SpAs)
 14044 | Lair:7   | Killed Zrachosh's ghost
 14044 | Lair:7   | Reached skill level 10 in Fighting
 14117 | Lair:7   | Reached skill level 10 in Shields
 14183 | Lair:7   | Reached skill level 10 in Armour
 14260 | Lair:7   | Found a staircase to the Slime Pits.
 14502 | Lair:7   | Gained mutation: Your large and strong wings let you fly indefinitely. [Gargoyle growth]
 14502 | Lair:7   | Reached XP level 14. HP: 88/88 MP: 14/14
 14959 | Lair:8   | Entered Level 8 of the Lair of Beasts
 14994 | Lair:8   | Reached skill level 16 in Axes
 14998 | Lair:8   | Noticed jedvagenij's ghost (journeyman CeFi)
 15019 | Lair:8   | Killed jedvagenij's ghost
 15273 | Lair:8   | Noticed SataraUzumaki's ghost (journeyman DDFi)
 15302 | Lair:8   | Killed SataraUzumaki's ghost
 16145 | Lair:1   | Reached XP level 15. HP: 96/96 MP: 15/15
 16156 | Lair:1   | Gained mutation: You are partially covered in large bone plates. (AC +2, SH +2) [potion of beneficial mutation]
 16190 | Orc:1    | Entered Level 1 of the Orcish Mines
 16190 | Orc:1    | Found Ruwnist's Assorted Antiques.
 16194 | D:10     | Remembered your ancestor Citlalmina casting Bolt of Magma
 16626 | Orc:2    | Entered Level 2 of the Orcish Mines
 16634 | Orc:2    | Found a staircase to the Elven Halls.
 16655 | Orc:2    | Found a shimmering altar of Xom.
 16873 | Orc:2    | Reached XP level 16. HP: 99/102 MP: 16/16
 16881 | Orc:2    | Found Acemned's Distillery.
 16881 | Orc:2    | Found Cemyrph's General Store.
 16882 | Orc:2    | Found Viesm's Assorted Antiques.
 16882 | Orc:2    | Found Lonnod's Weapon Boutique.
 17511 | D:11     | Noticed Sonja
 17518 | D:11     | Killed Sonja
 17778 | D:11     | Noticed Erica
 17784 | D:11     | Killed Erica
 19068 | D:13     | Noticed Snorg
 19078 | D:13     | Killed Snorg
 19094 | D:13     | Identified a scroll of acquirement
 19493 | D:13     | Reached skill level 17 in Axes
 19942 | D:14     | Got a shimmering helmet
 19943 | D:14     | Identified the +2 helmet "Elipiy" {Str+4} (You found it on level 14 of the Dungeon)
 20164 | D:14     | Found a gate to the Vaults.
 20315 | D:14     | Gained mutation: You are frail. (-10% HP) [a neqoxec]
 20596 | D:15     | Entered Level 15 of the Dungeon
 20627 | D:15     | Reached XP level 17. HP: 99/99 MP: 17/17
 21142 | D:15     | Found a staircase to the Depths.
 21954 | Snake:1  | Entered Level 1 of the Snake Pit
 22127 | Snake:1  | Noticed Aizul
 22143 | Snake:1  | Killed Aizul
 22523 | Snake:2  | Got an ancient marble ring
 22524 | Snake:2  | Identified the ring "Bekk" {SustAt SInv} (You found it on level 2 of the Snake Pit)
 22972 | Snake:2  | Found a frozen archway.
 23934 | Snake:4  | Entered Level 4 of the Snake Pit
 24005 | Snake:4  | Got a faintly humming chain mail
 24006 | Snake:4  | Identified the +8 chain mail of the Immovable Demons {Str+4} (You found it on level 4 of the Snake Pit)
 24152 | Snake:4  | Reached XP level 18. HP: 40/106 MP: 18/18
 24305 | Snake:4  | Reached skill level 15 in Armour
 24305 | Snake:4  | Reached skill level 15 in Shields
 24488 | Snake:4  | Reached skill level 15 in Fighting
 24562 | Snake:4  | Reached skill level 18 in Axes
 25132 | Snake:4  | Got a serpentine rune of Zot
 25350 | Lair:1   | Upgraded the game from 0.19-a0-578-g4cfc824 to 0.19-a0-593-gf2cdb02
 25501 | Shoals:1 | Entered Level 1 of the Shoals
 26011 | Shoals:1 | Reached XP level 19. HP: 112/112 MP: 19/19
 28041 | Shoals:4 | Entered Level 4 of the Shoals
 28244 | Shoals:4 | Noticed Ilsuiw
 28280 | Shoals:4 | Reached skill level 19 in Axes
 28298 | Shoals:4 | Killed Ilsuiw
 28812 | Shoals:4 | Got a barnacled rune of Zot
 28847 | Shoals:4 | Reached XP level 20. HP: 87/119 MP: 20/20
 28852 | Shoals:4 | Got a faintly glowing scale mail
 29438 | Lair:1   | Identified the +5 scale mail of the Shining Light {rElec Str+5 Dex-2} (You found it on level 4 of the Shoals)
 29547 | Orc:2    | Bought a +2 shield of positive energy for 314 gold pieces
 29722 | Vaults:1 | Entered Level 1 of the Vaults
 29746 | Vaults:1 | Noticed Asterion
 29756 | Vaults:1 | Killed Asterion
 30077 | Vaults:1 | Noticed Jorgrun
 30092 | Vaults:1 | Killed Jorgrun
 31646 | Vaults:2 | Found Qewam's Book Shop.
 31696 | Vaults:2 | Found a staircase to the Crypt.
 31941 | Vaults:3 | Reached XP level 21. HP: 119/126 MP: 21/21
 32042 | Vaults:3 | Noticed Nikola
 32067 | Vaults:3 | Killed Nikola
 32528 | Vaults:3 | Found Aginij's Distillery.
 32566 | Vaults:3 | Bought a potion of heal wounds for 80 gold pieces
 32566 | Vaults:3 | Bought a potion of curing for 48 gold pieces
 32566 | Vaults:3 | Bought 2 potions of heal wounds for 160 gold pieces
 33075 | Vaults:3 | Reached skill level 20 in Axes
 33162 | Vaults:3 | Got a transparent chain mail
 33163 | Vaults:3 | Identified the +1 chain mail of the Lich-sworn {rF- rN+ MP+9} (You found it on level 3 of the Vaults)
 34412 | Vaults:5 | Entered Level 5 of the Vaults
 34427 | Vaults:4 | Reached XP level 22. HP: 117/133 MP: 22/22
 34546 | Vaults:5 | Noticed an ancient lich
 34578 | Vaults:5 | Killed from afar by a frost giant

Vault maps used:
D:1:      dpeg_arrival_brainrot
D:2:      lemuel_coloured_pillars_altar, nicolae_ru_great_annihilating_truth,
          nicolae_overflow_crystal_walls, minmay_misc_feat_five,
          grunt_qazlal_sundering, uniq_sigmund
D:3:      portal_sewer_entry_c
D:4:      bloody_trog, cheibriados_altar_1, ashenzari_conservatory_becter,
          first_bread, uniq_natasha
D:5:      fiery_altar_vehumet, serial_shops, nicolae_shop_overgrown_old_shop,
          shop_statue
D:6:      lemuel_crystal_altar, zin_academy, fedhas_bush_and_centaur_altar,
          uniq_prince_ribbit1
D:7:      hangedman_cross_stitches, gammafunk_temple_overflow_claw,
          temple_fountains, uniq_pikel
D:8:      basic_altar, uniq_psyche, uniq_maurice
D:9:      led_sif_book, nemelex_xobeh_ov_fountains_minmay, basic_altar
D:10:     lair_0_dummy, kennysheep_orc_monster_closet_entryway, serial_shops,
          shop, enter_bailey_3
D:11:     uniq_erica, uniq_sonja
D:13:     hangedman_fish_farm, minmay_misc_feat_nine_boxes, uniq_snorg
D:14:     grunt_vaults_entry_fortified, special_room, grunt_ministairs_14
D:15:     grunt_enter_depths_snipers, minmay_misc_feat_doors,
          hangedman_cracks_in_the_wall
Lair:2:   st_stairs_8, grunt_forest_small_clearings,
          grunt_forest_large_clearings, lemuel_fruit_tree
Lair:3:   minmay_snake_entry_six_corridors, serial_bayou_shore_a
Lair:4:   st_stairs_12
Lair:5:   infiniplex_staircase_pool_2, grunt_megastairs_3, serial_bayou_shore_b
Lair:6:   mu_elephants_graveyard, minmay_shoals_entry_lonely_mermaid
Lair:7:   minmay_slime_entry_pillars, beast_lair_carwin_10
Lair:8:   minmay_lair_end_frog_pond
Shoals:1: nicolae_shoals_wave_tunnel
Shoals:3: st_sunken_temple
Shoals:4: shoals_end_simple, shoals_ilsuiw_alternative
Snake:1:  uniq_aizul
Snake:2:  portal_ice_cave_entry_pillars_1, spider_trap, grunt_megastairs_2
Snake:3:  serial_bayou_shore_b
Snake:4:  grunt_snake_rune_pools
Orc:1:    serial_shops, shop
Orc:2:    st_orc_ogre_mass, basic_altar, lightli_orcish_oven
Vaults:1: vaults_mumra_lcd, hangedman_vaults_stitches,
          grunt_vaults_hallway_short, nicolae_vaults_asterisk, v_rooms_2,
          ontoclasm_vaults_chip, vaults_mumra_hexcomb, uniq_jorgrun,
          uniq_asterion
Vaults:2: nicolae_vaults_what_the_h, minmay_crypt_entry_simple_statues,
          v_misc_5, v_pattern_1, v_misc_18,
          vaults_standard_mumra_enter_the_diamond, grunt_vaults_hallway_long,
          v_misc_10, grunt_vaults_hallway_long, nicolae_vaults_an_arrangement,
          vaults_room_semicircle, v_misc_17, nicolae_vaults_hallways_thing,
          nicolae_vaults_theta, nicolae_vaults_circle_grid_b, serial_shops,
          shop_statue
Vaults:3: hangedman_vaults_maws, ontoclasm_vaults_eye, grunt_vaults_swirl,
          vaults_room_pool, vaults_room_hallway, grunt_vaults_funnel,
          vaults_mumra_minichess, v_misc_30, grunt_vaults_hallway_short,
          v_misc_23, vaults_dpeg_cross, serial_shops, nicolae_shop_crystal,
          uniq_nikola
Vaults:4: v_misc_25, ontoclasm_vaults_tryst, nicolae_vaults_know_your_exits,
          nicolae_vaults_ring_of_whatevers, ontoclasm_vaults_ring_large,
          v_misc_13, nicolae_vaults_network_star,
          nicolae_vaults_little_squares_1, vaults_dpeg_ring,
          vaults_room_fancy_cross, v_misc_15, v_misc_30, vaults_room_pools,
          vaults_room_stairs_pillars
Vaults:5: serial_shops
Sewer:    sewer_kobolds
Bailey:   bailey_axe_3, bailey

Skill      XL: |  1  2  3  4  5  6  7  8  9 10 11 12 13 14 15 16 17 18 19 20 21 22 |
---------------+-------------------------------------------------------------------+-----
Axes           | 2 3 5 6 8 10 12 14 15 16 17 18 19 20 | 20.4
Shields        | 4 6 8 10 12 13 14 15 16 17 18 19 | 19.2
Fighting       | 4 6 8 10 12 13 14 15 16 17 18 19 | 19.0
Armour         | 4 6 8 10 12 13 14 16 17 18 19 | 19.1

Action                   |  1- 3 |  4- 6 |  7- 9 | 10-12 | 13-15 | 16-18 | 19-21 | 22-24 || total
-------------------------+-------+-------+-------+-------+-------+-------+-------+-------++-------
Melee: War axe           |   108 |   117 |   230 |   742 |   626 |  1496 |  1582 |    77 ||  4978
Throw: Javelin           |       |       |       |     5 |       |       |       |       ||     5
Invok: Recall Ancestor   |       |       |     2 |       |     1 |     2 |       |       ||     5
       Ancestor Life: Ba |       |       |     1 |       |       |       |       |       ||     1
Battlemage: Bolt         |       |       |       |       |     1 |       |       |       ||     1
 Abil: Fly               |       |       |       |       |     1 |       |       |       ||     1
  Use: Scroll            |       |       |    10 |     8 |    18 |     6 |     8 |     2 ||    52
       Potion            |       |       |       |       |     2 |     1 |     3 |     6 ||    12
 Stab: Paralysed         |       |     1 |       |       |       |       |       |       ||     1
       Distracted        |       |     1 |     1 |     4 |    11 |    15 |    15 |       ||    47
       Invisible         |       |     1 |       |       |       |       |       |       ||     1
  Eat: Chunk             |     1 |     2 |    11 |    15 |       |     3 |     4 |       ||    36
       Pizza             |       |     1 |       |     3 |     1 |     1 |     1 |       ||     7
       Meat ration       |       |       |       |     1 |       |       |     3 |       ||     4
       Fruit             |       |       |       |     6 |     5 |    27 |     7 |       ||    45
       Beef jerky        |       |       |       |       |     4 |     1 |       |       ||     5
       Bread ration      |       |       |       |       |       |       |     2 |       ||     2
Armor: Scale mail        |    61 |    48 |    10 |       |       |       |       |       ||   119
       Chain mail        |       |       |   105 |   323 |   225 |   523 |   640 |    98 ||  1914
Dodge: Dodged            |    36 |    28 |    53 |   185 |   184 |   315 |   305 |    30 ||  1136
Block: Shield            |    68 |    53 |    85 |   342 |   340 |   953 |  1110 |   113 ||  3064
